 Dungeon Crawl Stone Soup version 0.28-a0-622-gbaef9634d7 (webtiles) character file.

Game seed: 14623228621255531206

91 sleeves the Ruffian (level 4, -13/35 HPs)
             Began as a Demonspawn Fighter on Oct 7, 2021.
             Mangled by Prince Ribbit (15 damage)
             ... on level 6 of the Dungeon.
             The game lasted 00:02:30 (2445 turns).

sleeves the Ruffian (Demonspawn Fighter)            Turns: 2445, Time: 00:02:31

Health: -13/35     AC:  6    Str: 18    XL:     4   Next: 34%
Magic:  4/4        EV:  9    Int:  9    God:
Gold:   99         SH:  4    Dex: 12    Spells: 3/3 levels left

rFire   . . .      SeeInvis .   g - +0 long sword
rCold   . . .      Faith    .   c - +0 buckler
rNeg    . . .      Spirit   .   b - +0 scale mail
rPois   .          Reflect  .   (helmet restricted)
rElec   .          Harm     .   (no cloak)
rCorr   .          Rampage  .   (no gloves)
Will    .....                   (no boots)
Stlth   ..........              (no amulet)
HPRegen 0.11/turn               (no ring)
MPRegen 0.09/turn               (no ring)

@: no status effects
A: hooves 1, horns 1
a: no special abilities


You were on level 6 of the Dungeon.
You visited 1 branch of the dungeon, and saw 4 of its levels.

You collected 99 gold pieces.

Inventory:

Hand Weapons
 g - a +0 long sword (weapon)
Armour
 b - a +0 scale mail (worn)
 c - a +0 buckler (worn)
 f - a +0 cloak
   (You found it on level 1 of the Dungeon)
Jewellery
 l - a +4 ring of slaying
   (You found it on level 2 of the Dungeon)
Scrolls
 e - a scroll of teleportation {unknown}
 h - a scroll of fear {unknown}
 j - a scroll of immolation {unknown}
 m - a scroll of identify {unknown}
Potions
 a - 2 potions of curing {unknown}
 d - 2 potions of might
 i - 2 potions of lignification {unknown}
 k - a potion of attraction {unknown}
 n - a potion of brilliance {unknown}
 o - a potion of heal wounds {unknown}
 p - a potion of flight {unknown}
 q - a potion of magic {unknown}


   Skills:
 - Level 3.0 Fighting
 - Level 2.5 Long Blades
 - Level 2.6 Armour
 - Level 2.6 Shields
 + Level 3.2 Unarmed Combat


You had 3 spell levels left.
You didn't know any spells.
Your spell library contained the following spells:

 Spells                   Type           Power      Damage    Failure   Level
 Magic Dart               Conj           0%         1d3       83%         1
 Call Imp                 Summ           0%         N/A       93%         2
 Gell's Gravitas          Tloc           0%         N/A       99%         3
 Lesser Beckoning         Tloc           0%         N/A       99%         3
 Mephitic Cloud           Conj/Pois/Air  0%         N/A       99%         3
 Teleport Other           Tloc           0%         N/A       99%         3


Dungeon Overview and Level Annotations

Branches:
Dungeon (3/15)

Altars:
Elyvilon
Trog

Annotations:
D:6 Prince Ribbit


Innate Abilities, Weirdness & Mutations

You have large cloven feet.
You have a pair of small horns on your head.


Message History

Things that are here:
17 sling bullets; a rat corpse You now have 19 gold pieces (gained 10).
As you open the door, it creaks loudly!
There is an open door here.
You open the door.
There is an open door here.
There is an open door here.
Found a stone staircase leading down.
Found 24 sling bullets.
Found 10 arrows.
No target in view!
No target in view!
No target in view!
No target in view!
No target in view!
No target in view!
No target in view!
You now have 33 gold pieces (gained 14).
Found a whip.
A bat and a ball python come into view.
The ball python hisses angrily.
There are monsters nearby!
There are monsters nearby!
An endoplasm comes into view.
The bat hits you but does no damage. The bat hits you but does no damage.
The ball python closely misses you. The ball python barely misses you.
You completely miss the ball python. You block the bat's attack.
The ball python closely misses you. You block the ball python's attack.
You slash the ball python!
You kill the ball python!
The bat barely misses you.
Your Long Blades skill increases to level 2!
You barely miss the bat. The bat hits you but does no damage.
You miss the bat. The bat hits you but does no damage.
The endoplasm hits you but does no damage.
You hit the bat.
The bat is severely wounded.
The bat closely misses you. The endoplasm freezes you.
You are frozen.
You hit the endoplasm.
The endoplasm is almost dead.
The bat misses you. The endoplasm freezes you.
You are frozen.
* * * LOW HITPOINT WARNING * * *
You are too injured to fight recklessly!
You are too injured to fight recklessly!
You are too injured to fight recklessly!
You are too injured to fight recklessly!
You are too injured to fight recklessly!
You are too injured to fight recklessly!
You are too injured to fight recklessly!
You are too injured to fight recklessly!
You are too injured to fight recklessly!
You are too injured to fight recklessly!
You are too injured to fight recklessly!
You are too injured to fight recklessly!
You are too injured to fight recklessly!
You are too injured to fight recklessly!
You are too injured to fight recklessly!
You are too injured to fight recklessly!
You hit the endoplasm.
You kill the endoplasm!
The bat hits you but does no damage.
You are too injured to fight recklessly!
The bat hits you but does no damage.
You see here a +0 whip.
You closely miss the bat.
The bat is moderately wounded.
The bat hits you but does no damage. You block the bat's attack.
You hit the bat.
You kill the bat!
Key pressed, stopping explore.
HP restored.
You open the door.
A bat comes into view.
The bat moves out of view.
The bat closely misses you. The bat hits you but does no damage.
You hit the bat.
The bat is severely wounded.
The bat hits you but does no damage. The bat barely misses you.
You barely miss the bat.
The bat is heavily wounded.
The bat hits you but does no damage.
You closely miss the bat.
The bat is heavily wounded.
The bat barely misses you. x2
You hit the bat.
You kill the bat!
No target in view!
No target in view!
No target in view!
No target in view!
No target in view!
No target in view!
A kobold comes into view.
It is wielding a +2 dagger of holy wrath.
The kobold shouts!
A kobold is nearby!
A kobold is nearby!
A kobold is nearby!
A bat comes into view.
The bat moves out of view.
You block the kobold's attack.
Your scale mail prevents you from hitting the kobold.
The bat misses you.
The kobold hits you with a +2 dagger of holy wrath.
You convulse.
You barely miss the kobold. The bat closely misses you. The bat hits you.
The kobold hits you but does no damage.
You are too injured to fight recklessly!
You are too injured to fight recklessly!
You are too injured to fight recklessly!
You are too injured to fight recklessly!
You are too injured to fight recklessly!
You are too injured to fight recklessly!
You are too injured to fight recklessly!
You are too injured to fight recklessly!
There are monsters nearby!
There are monsters nearby!
There are monsters nearby!
You are too injured to fight recklessly!
You completely miss the kobold. The bat barely misses you.
The kobold hits you with a +2 dagger of holy wrath.
You convulse.
* * * LOW HITPOINT WARNING * * *
The bat barely misses you.
You hit the kobold.
You kill the kobold!
The bat barely misses you. The bat hits you but does no damage.
Things that are here:
a +2 dagger of holy wrath; a kobold corpse You closely miss the bat.
The bat hits you but does no damage.
A bat is nearby!
A bat is nearby!
The bat hits you but does no damage. The bat barely misses you.
You miss the bat. The bat hits you but does no damage.
You block the bat's attack.
You barely miss the bat. The bat barely misses you.
A bat is nearby!
You are too injured to fight recklessly!
A bat is nearby!
The bat hits you but does no damage.
You barely miss the bat. The bat hits you but does no damage.
You hit the bat.
The bat is severely wounded.
The bat barely misses you.
A bat is nearby!
A bat is nearby!
A bat is nearby!
You are too injured to fight recklessly!
You are too injured to fight recklessly!
You are too injured to fight recklessly!
You are too injured to fight recklessly!
You swing at nothing.
The bat closely misses you.
You swing at nothing.
The bat barely misses you. You block the bat's attack.
You swing at nothing.
The bat hits you but does no damage.
You swing at nothing.
You block the bat's attack.
You swing at nothing.
You block the bat's attack.
You barely miss the bat.
The bat is severely wounded.
The bat misses you.
You swing at nothing.
The bat hits you but does no damage.
You swing at nothing.
The bat hits you but does no damage.
You swing at nothing.
The bat hits you but does no damage.
You swing at nothing.
The bat barely misses you.
You hit the bat.
You kill the bat!
An endoplasm comes into view.
An endoplasm is nearby!
An endoplasm is nearby!
You are too injured to fight recklessly!
You are too injured to fight recklessly!
You are too injured to fight recklessly!
You are too injured to fight recklessly!
You start resting.
HP restored.
You open the door.
There is an open door here.
You open the door.
You now have 45 gold pieces (gained 12).
A rat comes into view.
The rat moves out of view.
A bat comes into view.
There are monsters nearby!
There are monsters nearby!
There are monsters nearby!
Found 2 puce potions.
The bat barely misses you.
You hit the rat.
You kill the rat!
The bat closely misses you.
You barely miss the bat. The bat closely misses you.
Your scale mail prevents you from hitting the bat.
The bat hits you but does no damage. x2
A rat comes into view.
The bat hits you but does no damage. You block the bat's attack.
You slash the bat!
You kill the bat!
You have reached level 2!
You feel monstrous as your demonic heritage exerts itself.
Your demonic ancestry asserts itself...
A pair of horns grows on your head!
Drop what? 5/52 slots (_ for help) (? for menu, Esc to quit)
You are now empty-handed.
You drop a +0 long sword.
You hit the rat.
The rat is moderately wounded.
The rat closely misses you.
You barely miss the rat.
The rat is moderately wounded.
The rat bites you.
You closely miss the rat.
The rat is moderately wounded.
The rat barely misses you.
You barely miss the rat.
The rat is moderately wounded.
The rat bites you.
You hit the rat.
You kill the rat!
No target in view!
No target in view!
No target in view!
A frilled lizard comes into view.
The frilled lizard hisses angrily.
You see here 2 puce potions.
A frilled lizard is nearby!
A frilled lizard is nearby!
The frilled lizard completely misses you.
You closely miss the frilled lizard. The frilled lizard barely misses you.
You miss the frilled lizard.
Your headbutt misses the frilled lizard.
The frilled lizard bites you but does no damage.
You barely miss the frilled lizard.
You headbutt the frilled lizard, but do no damage.
You block the frilled lizard's attack.
You closely miss the frilled lizard. The frilled lizard barely misses you.
You hit the frilled lizard.
You kill the frilled lizard!
No target in view!
No target in view!
No target in view!
No target in view!
No target in view!
No target in view!
No target in view!
No target in view!
No target in view!
a - 2 puce potions You open the door.
There is an open door here.
A bat comes into view.
You see here a +0 cloak.
A bat is nearby!
A bat is nearby!
The bat hits you but does no damage.
You hit the bat but do no damage. The bat barely misses you.
The bat hits you but does no damage.
You hit the bat. You headbutt the bat.
You kill the bat!
No target in view!
No target in view!
No target in view!
No target in view!
No target in view!
No target in view!
No target in view!
No target in view!
No target in view!
f - a +0 cloak A quokka comes into view.
Found a potion of might.
The quokka barely misses you.
The quokka bites you but does no damage.
You hit the quokka but do no damage. Your headbutt misses the quokka.
The quokka barely misses you.
You closely miss the quokka. You block the quokka's attack.
You hit the quokka.
The quokka is moderately wounded.
The quokka bites you but does no damage.
You hit the quokka but do no damage.
The quokka is moderately wounded.
The quokka bites you. The quokka closely misses you.
Your scale mail prevents you from hitting the quokka.
Your headbutt misses the quokka.
The quokka is moderately wounded.
The quokka bites you but does no damage.
You miss the quokka. Your headbutt misses the quokka.
The quokka is moderately wounded.
The quokka bites you.
You barely miss the quokka.
The quokka is moderately wounded.
The quokka bites you but does no damage.
You hit the quokka. Your headbutt misses the quokka.
The quokka is heavily wounded.
The quokka bites you but does no damage.
You barely miss the quokka.
You headbutt the quokka, but do no damage.
The quokka is heavily wounded.
The quokka misses you. The quokka closely misses you.
You barely miss the quokka.
The quokka is heavily wounded.
The quokka barely misses you.
You barely miss the quokka.
The quokka is heavily wounded.
The quokka bites you but does no damage.
You hit the quokka. Your headbutt misses the quokka.
The quokka is almost dead.
The quokka bites you.
You closely miss the quokka. Your headbutt misses the quokka.
The quokka is severely wounded.
You block the quokka's attack. The quokka closely misses you.
You hit the quokka but do no damage. Your headbutt misses the quokka.
The quokka is severely wounded.
The quokka bites you but does no damage.
You closely miss the quokka.
The quokka is severely wounded.
The quokka bites you.
You closely miss the quokka.
The quokka is severely wounded.
The quokka bites you.
You closely miss the quokka.
You headbutt the quokka, but do no damage.
The quokka is severely wounded.
The quokka bites you. You block the quokka's attack.
You are too injured to fight recklessly!
You are too injured to fight recklessly!
You hit the quokka. You headbutt the quokka.
You kill the quokka!
You see here a quokka corpse.
Search for what [? for help]? blad You see here a quokka corpse.
There is an open door here.
You see here a +0 long sword.
g - a +0 long sword
g - a +0 long sword (weapon)
A ball python comes into view.
A ball python is nearby!
A ball python is nearby!
Found 8 stones.
You barely miss the ball python. You headbutt the ball python.
You kill the ball python!
No target in view!
No target in view!
No target in view!
No target in view!
No target in view!
No target in view!
No target in view!
No target in view!
No target in view!
No target in view!
No target in view!
A rat comes into view.
The rat twitches its whiskers.
A rat is nearby!
A rat is nearby!
You see here 16 gold pieces.
The rat bites you but does no damage.
You hit the rat but do no damage. You headbutt the rat.
The rat is heavily wounded.
The rat bites you but does no damage.
You barely miss the rat.
The rat is heavily wounded.
The rat bites you but does no damage. The rat closely misses you.
You slash the rat!
You kill the rat!
No target in view!
No target in view!
No target in view!
No target in view!
You now have 61 gold pieces (gained 16).
d - 2 potions of might (gained 1)
A hobgoblin comes into view.
A hobgoblin is nearby!
A hobgoblin is nearby!
A hobgoblin is nearby!
A quokka comes into view.
You hit the hobgoblin.
You kill the hobgoblin!
The quokka closely misses you.
You closely miss the quokka. You headbutt the quokka.
You kill the quokka!
No target in view!
No target in view!
Found 16 bolts.
You see here 16 bolts.
A ball python comes into view.
The ball python hisses angrily.
A ball python is nearby!
The ball python bites you but does no damage.
The ball python barely misses you.
You hit the ball python.
You kill the ball python!
Your Unarmed Combat skill increases to level 1!
No target in view!
No target in view!
No target in view!
No target in view!
No target in view!
A goblin comes into view. It is wielding a +0 club.
The goblin shouts!
The goblin moves out of view.
You see here a ball python corpse.
A goblin is nearby!
Found 16 gold pieces and 20 sling bullets.
Found a scroll labelled UTUONA MIN EFA.
Found a stone staircase leading down.
You hit the goblin but do no damage. Your headbutt misses the goblin.
The goblin barely misses you.
You miss the goblin. The goblin hits you with a +0 club.
You barely miss the goblin. Your headbutt misses the goblin.
The goblin hits you but does no damage.
You completely miss the goblin. The goblin hits you with a +0 club.
The goblin hits you but does no damage.
You closely miss the goblin. The goblin closely misses you.
You hit the goblin.
You kill the goblin!
No target in view!
You see here a +0 club.
You now have 77 gold pieces (gained 16).
h - a scroll labelled UTUONA MIN EFA You open the door.
There is an open door here.
You open the door.
There is an open door here.
Key pressed, stopping explore.
You open the door.
There is an open door here.
Done exploring.
No target in view!
No target in view!
No target in view!
Done exploring.
Done exploring.
Done exploring.
(D) Dungeon
Where to? (Enter - D:1 @ (x,y), ? - help)
You open the door.
There is an open door here.
There is a stone staircase leading down here.
You climb downwards.
Found an escape hatch in the floor.
There is a stone staircase leading up here.
Found 29 stones.
A quokka comes into view.
You see here 29 stones.
You barely miss the quokka. Your headbutt misses the quokka.
The quokka bites you but does no damage.
You hit the quokka but do no damage.
You headbutt the quokka, but do no damage.
The quokka bites you.
The quokka bites you but does no damage.
You hit the quokka.
The quokka is moderately wounded.
The quokka bites you.
You closely miss the quokka. Your headbutt misses the quokka.
The quokka is moderately wounded.
The quokka barely misses you. You block the quokka's attack.
You closely miss the quokka.
The quokka is moderately wounded.
The quokka barely misses you.
The quokka bites you but does no damage.
You hit the quokka.
You kill the quokka!
No target in view!
No target in view!
No target in view!
No target in view!
No target in view!
No target in view!
HP restored.
Found 12 sling bullets.
A hobgoblin and a kobold come into view.
Found 10 gold pieces.
The kobold shouts!
The hobgoblin shouts!
There are monsters nearby!
There are monsters nearby!
A rat comes into view.
You block the kobold's attack.
You hit the kobold.
The kobold is moderately wounded.
The kobold hits you with a +0 short sword.
You closely miss the kobold.
The kobold is moderately wounded.
The kobold hits you but does no damage.
You closely miss the kobold.
The kobold is moderately wounded.
The kobold hits you but does no damage.
The hobgoblin hits you but does no damage.
You block the kobold's attack.
You hit the kobold.
You kill the kobold!
You block the hobgoblin's attack.
You closely miss the hobgoblin. Your headbutt misses the hobgoblin.
You block the hobgoblin's attack. The rat bites you.
The hobgoblin hits you but does no damage.
You barely miss the hobgoblin. Your headbutt misses the hobgoblin.
You block the rat's attack.
The hobgoblin hits you but does no damage.
The rat closely misses you.
You closely miss the hobgoblin. The hobgoblin closely misses you.
The rat bites you but does no damage.
You closely miss the hobgoblin.
The hobgoblin hits you but does no damage.
The rat barely misses you. You block the hobgoblin's attack.
You hit the hobgoblin. Your headbutt misses the hobgoblin.
The hobgoblin is moderately wounded.
The rat closely misses you. The hobgoblin hits you.
The rat bites you but does no damage.
You closely miss the hobgoblin.
The hobgoblin is moderately wounded.
The hobgoblin barely misses you. The rat bites you.
You slash the hobgoblin!
You kill the hobgoblin!
The rat bites you.
You are too injured to fight recklessly!
You are too injured to fight recklessly!
You are too injured to fight recklessly!
You are too injured to fight recklessly!
You are too injured to fight recklessly!
You are too injured to fight recklessly!
You are too injured to fight recklessly!
You are too injured to fight recklessly!
You are too injured to fight recklessly!
You are too injured to fight recklessly!
You are too injured to fight recklessly!
You are too injured to fight recklessly!
You are too injured to fight recklessly!
You are too injured to fight recklessly!
You are too injured to fight recklessly!
You are too injured to fight recklessly!
You are too injured to fight recklessly!
A rat is nearby!
You slash the rat!
You kill the rat!
Things that are here:
a +0 short sword; a kobold corpse
Found a stone staircase leading down.
You now have 87 gold pieces (gained 10).
A goblin comes into view. It is wielding a +0 club.
The goblin shouts!
The goblin unwields a +0 club.
The goblin wields a +0 hunting sling.
The goblin shoots a stone.
The stone hits you.
A goblin is nearby!
A goblin is nearby!
A goblin is nearby!
A bat comes into view.
The bat moves out of view.
You closely miss the goblin.
The goblin unwields a +0 hunting sling.
The goblin wields a +0 club.
The goblin hits you but does no damage.
You slash the goblin!
You kill the goblin!
Found 22 stones.
You barely miss the bat. The bat hits you but does no damage. x2
The bat closely misses you. The bat hits you but does no damage.
The bat hits you but does no damage. The bat hits you.
You closely miss the bat. The bat barely misses you.
You barely miss the bat. Your headbutt misses the bat.
You block the bat's attack. The bat closely misses you.
You slash the bat!
You kill the bat!
No target in view!
Items here: ( )) †. 2 jackals come into view.
The jackal barks!
You hear a bark!
The jackal moves out of view.
A jackal is nearby!
The jackal barely misses you.
You hit the jackal. You headbutt the jackal.
You kill the jackal!
A jackal comes into view.
The jackal bites you but does no damage.
A rat comes into view.
The jackal barely misses you.
You see here a jackal corpse.
You slash the jackal!
You kill the jackal!
You have reached level 3!
Your experience leads to an increase in your attributes!
Increase (S)trength, (I)ntelligence, or (D)exterity?
You feel stronger.
You closely miss the jackal. You block the jackal's attack.
The jackal bites you.
You closely miss the jackal. The jackal barely misses you.
The jackal closely misses you.
You slash the jackal!
You kill the jackal!
No target in view!
No target in view!
No target in view!
No target in view!
No target in view!
No target in view!
No target in view!
No target in view!
No target in view!
A rat is nearby!
You block the rat's attack.
You see here a jackal corpse.
You barely miss the rat. The rat misses you. The rat bites you.
You slash the rat!
You kill the rat!
No target in view!
No target in view!
No target in view!
No target in view!
No target in view!
No target in view!
No target in view!
Found a club.
Found a stone staircase leading down.
Found a short sword.
i - a purple potion No target in view!
No target in view!
You pick up a book of Displacement and begin reading...
You add the spells Lesser Beckoning, Gell's Gravitas and Teleport Other to your library.
A giant cockroach comes into view.
A giant cockroach is nearby!
A frilled lizard comes into view.
Found a purple potion.
The frilled lizard hisses angrily.
A ball python comes into view.
The ball python hisses angrily.
The giant cockroach bites you but does no damage.
You hit the giant cockroach.
The giant cockroach is almost dead.
The giant cockroach bites you but does no damage.
A rat comes into view.
The giant cockroach barely misses you.
You hit the giant cockroach.
You kill the giant cockroach!
The frilled lizard bites you but does no damage.
You barely miss the frilled lizard. You block the ball python's attack.
The ball python closely misses you. The frilled lizard closely misses you.
You block the ball python's attack. The ball python grabs you.
The ball python constricts you.
The frilled lizard completely misses you.
You barely miss the ball python. Your headbutt misses the ball python.
The ball python bites you but does no damage.
The ball python constricts you.
The frilled lizard bites you but does no damage.
You barely miss the ball python. You block the ball python's attack.
The ball python constricts you.
The frilled lizard bites you but does no damage.
The ball python bites you but does no damage.
The ball python constricts you.
You hit the ball python.
You kill the ball python!
You block the frilled lizard's attack. The rat bites you but does no damage.
You barely miss the frilled lizard. You headbutt the frilled lizard.
You kill the frilled lizard!
The rat completely misses you.
You hit the rat but do no damage. You headbutt the rat, but do no damage.
The rat bites you.
You slash the rat!
You kill the rat!
No target in view!
No target in view!
No target in view!
No target in view!
No target in view!
No target in view!
No target in view!
No target in view!
No target in view!
No target in view!
No target in view!
No target in view!
No target in view!
No target in view!
No target in view!
No target in view!
No target in view!
No target in view!
i - 2 purple potions (gained 1)
j - a scroll labelled VIUD DIQ RUOCW
Found a stone staircase leading up.
Key pressed, stopping explore.
A dart slug comes into view.
The dart slug launches a dart at you. You block the slug dart.
There is a stone staircase leading down here.
You hit the dart slug. You headbutt the dart slug!
You kill the dart slug!
Your Unarmed Combat skill increases to level 2!
No target in view!
No target in view!
No target in view!
No target in view!
No target in view!
No target in view!
No target in view!
You see here a dart slug corpse.
A hobgoblin comes into view.
Found a viscous pink potion.
The hobgoblin shouts!
A hobgoblin is nearby!
A hobgoblin is nearby!
A hobgoblin is nearby!
You block the hobgoblin's attack.
You slash the hobgoblin!
You kill the hobgoblin!
No target in view!
No target in view!
No target in view!
No target in view!
No target in view!
No target in view!
No target in view!
No target in view!
No target in view!
You see here a hobgoblin corpse.
k - a viscous pink potion A giant cockroach comes into view.
The giant cockroach moves out of view.
You closely miss the giant cockroach.
You headbutt the giant cockroach, but do no damage.
You block the giant cockroach's attack.
A giant cockroach is nearby!
A giant cockroach is nearby!
You hit the giant cockroach.
You kill the giant cockroach!
No target in view!
No target in view!
No target in view!
No target in view!
No target in view!
You see here a giant cockroach corpse.
Found a spear.
You see here a +0 spear.
A bat comes into view.
A bat is nearby!
The bat hits you but does no damage.
You barely miss the bat. The bat barely misses you. The bat hits you.
You barely miss the bat. Your headbutt misses the bat.
The bat closely misses you. The bat hits you but does no damage.
You hit the bat. You headbutt the bat.
You kill the bat!
No target in view!
No target in view!
No target in view!
No target in view!
No target in view!
No target in view!
No target in view!
No target in view!
No target in view!
You see here a bat corpse.
Found a stone staircase leading up.
You see here a giant cockroach corpse.
l - a +4 ring of slaying You see here a giant cockroach corpse.
You see here a hobgoblin corpse.
Found an escape hatch in the ceiling.
No target in view!
m - a scroll labelled KOHEKA HOPNEU You see here a dart slug corpse.
Found a stone staircase leading down.
Done exploring.
Done exploring.
Done exploring.
Done exploring.
(D) Dungeon
Where to? (Enter - D:2, ? - help)
There is a stone staircase leading down here.
You climb downwards.
Found a white potion.
There is a stone staircase leading up here.
n - a white potion You pick up a book of Minor Magic and begin reading...
You add the spells Magic Dart, Call Imp and Mephitic Cloud to your library.
o - an inky potion No target in view!
p - a smoky grey potion
Found a ring mail.
A kobold comes into view. It is wielding a +0 dagger.
The kobold shouts!
A kobold is nearby!
You closely miss the kobold. You block the kobold's attack.
You closely miss the kobold. The kobold hits you but does no damage.
You barely miss the kobold.
You headbutt the kobold, but do no damage.
The kobold hits you but does no damage. You block the kobold's attack.
You hit the kobold.
You kill the kobold!
No target in view!
No target in view!
No target in view!
No target in view!
No target in view!
No target in view!
No target in view!
No target in view!
No target in view!
No target in view!
Things that are here:
a +0 dagger; a +0 ring mail; a kobold corpse
Found a stone staircase leading down.
You open the door.
There is an open door here.
Found a bloodstained altar of Trog.
There is an open door here.
Key pressed, stopping explore.
You open the door.
Found a shiny buckler.
There is an open door here.
You see here a +2 buckler.
Found a white marble altar of Elyvilon.
An adder comes into view.
The adder hisses angrily.
An adder is nearby!
An adder is nearby!
An adder is nearby!
The adder bites you but does no damage. The adder misses you.
You slash the adder!
The adder is almost dead.
The adder bites you.
You are poisoned.
The adder poisons you!
You closely miss the adder.
The adder is almost dead.
You feel sick. The adder bites you but does no damage.
The adder barely misses you.
You hit the adder.
The adder is almost dead.
You feel sick. The adder bites you.
You are more poisoned.
The adder poisons you! The adder misses you.
You hit the adder.
You kill the adder!
You feel sick.
No target in view!
No target in view!
No target in view!
No target in view!
No target in view!
You feel sick.
You feel sick.
You feel sick.
You feel sick.
You feel sick.
You feel sick.
You are no longer poisoned.
HP restored.
You see here an adder corpse.
There is an open door here.
There is a stone staircase leading down here.
Found a stone staircase leading down.
There is a stone staircase leading down here.
Jessica the Apprentice Sorceress comes into view.
She is wielding a +0 club.
Jessica shouts!
Jessica casts a spell at you. You resist with some effort.
Jessica is nearby!
Jessica casts a spell.
Jessica seems to speed up.
A goblin comes into view. It is wielding a +0 dagger.
Found a stone staircase leading up.
The goblin shouts!
Jessica casts a spell at you. Pain shoots through your body!
Jessica gestures at you while chanting. Pain shoots through your body!
You are too injured to fight recklessly!
You are too injured to fight recklessly!
Jessica closely misses you.
You hit Jessica but do no damage. You headbutt Jessica.
Jessica is heavily wounded.
Jessica closely misses you.
A quokka comes into view.
You barely miss Jessica.
Jessica is heavily wounded.
Jessica closely misses you. Jessica hits you with a +0 club.
* * * LOW HITPOINT WARNING * * *
The goblin hits you but does no damage.
A ball python comes into view.
You closely miss Jessica.
The ball python hisses angrily.
Your headbutt misses Jessica.
Jessica is heavily wounded.
Jessica hits you with a +0 club.
* * * LOW HITPOINT WARNING * * *
You block the goblin's attack. Jessica hits you with a +0 club.
* * * LOW HITPOINT WARNING * * *
The goblin closely misses you.
Jessica gestures wildly.
Jessica hits you with a +0 club.
* * * LOW HITPOINT WARNING * * *
You hit Jessica. You headbutt Jessica.
You kill Jessica!
The goblin hits you but does no damage.
You have reached level 4!
You feel stronger.
Your demonic ancestry asserts itself...
Your feet thicken and deform.
You hit the goblin. Your headbutt misses the goblin.
The goblin is heavily wounded.
The goblin hits you but does no damage. The quokka closely misses you.
The goblin hits you with a +0 dagger.
* * * LOW HITPOINT WARNING * * *
You hit the goblin.
You kill the goblin!
The quokka bites you but does no damage.
The ball python bites you but does no damage.
You block the ball python's attack.
Your Unarmed Combat skill increases to level 3!
You barely miss the ball python. Your kick misses the ball python.
Your headbutt misses the ball python. The quokka closely misses you.
The ball python barely misses you. x2
The quokka bites you but does no damage.
You hit the quokka. You kick the quokka.
You kill the quokka!
The ball python closely misses you. The ball python completely misses you.
The ball python barely misses you. The ball python completely misses you.
You slash the ball python!
You kill the ball python!
A hobgoblin comes into view.
A hobgoblin is nearby!
A hobgoblin is nearby!
A hobgoblin is nearby!
There is a stone staircase leading up here.
You start resting.
An endoplasm comes into view.
An endoplasm is nearby!
The endoplasm quivers.
The endoplasm jiggles.
You hit the endoplasm. You kick the endoplasm.
You kill the endoplasm!
No target in view!
No target in view!
No target in view!
No target in view!
No target in view!
No target in view!
No target in view!
No target in view!
No target in view!
No target in view!
No target in view!
HP restored.
q - a grey potion
Things that are here:
a +0 club; a +0 robe; the human skeleton of Jessica A hobgoblin is nearby!
A hobgoblin is nearby!
A hobgoblin is nearby!
The hobgoblin shouts!
You fall into a shaft and drop 3 floors!
The shaft crumbles and collapses.
Found 12 gold pieces.
Found two stone staircases leading down.
You now have 99 gold pieces (gained 12).
An adder comes into view.
The adder hisses angrily.
The adder closely misses you. The adder barely misses you.
You hit the adder but do no damage. You block the adder's attack.
You closely miss the adder. The adder completely misses you.
The adder bites you but does no damage.
You barely miss the adder. Your headbutt misses the adder.
The adder bites you but does no damage. The adder closely misses you.
You barely miss the adder. Your kick misses the adder.
Your headbutt misses the adder. The adder bites you but does no damage.
You slash the adder!
You kill the adder!
No target in view!
No target in view!
Prince Ribbit comes into view.
Prince Ribbit gives a loud, deep croak!
Prince Ribbit blinks!
Prince Ribbit is nearby!
Prince Ribbit hops awkwardly around.
Found two stone staircases leading up.
You hit Prince Ribbit. You kick Prince Ribbit.
Prince Ribbit is lightly wounded.
Prince Ribbit closely misses you.
Prince Ribbit croaks regally.
Prince Ribbit hits you!
You closely miss Prince Ribbit. Your kick misses Prince Ribbit.
Prince Ribbit is lightly wounded.
Prince Ribbit hits you! Prince Ribbit hits you.
* * * LOW HITPOINT WARNING * * *
Your scale mail prevents you from hitting Prince Ribbit.
Your headbutt misses Prince Ribbit.
Prince Ribbit is lightly wounded.
Prince Ribbit barely misses you. Prince Ribbit hits you.
* * * LOW HITPOINT WARNING * * *
You closely miss Prince Ribbit. Your kick misses Prince Ribbit.
Your headbutt misses Prince Ribbit.
Prince Ribbit is lightly wounded.
Prince Ribbit hits you!
* * * LOW HITPOINT WARNING * * *
You barely miss Prince Ribbit.
Prince Ribbit is lightly wounded.
Prince Ribbit completely misses you. Prince Ribbit hits you!
You die...

#. # #.#........ ... .##
#.........# ... ##.#######
#.........#
....#.....##.............#
....#...#.##.#.#.<.......#
.................< #..#..###.
####..#.#.##.#.#.###.........
#>.....#.....@F.......#
#.>......#########.##.#
####.##### ######.#
#.########......#
#..........######
############


You could see Prince Ribbit.

Vanquished Creatures
  Jessica (D:3)
  2 adders
  A dart slug (D:2)
  5 ball pythons
  2 endoplasms
  2 giant cockroaches (D:2)
  3 goblins
  3 hobgoblins
  3 jackals (D:2)
  4 quokkas
  7 bats
  2 frilled lizards
  3 kobolds
  7 rats
45 creatures vanquished.

Notes
Turn   | Place    | Note
-------+----------+-------------------------------------------
     0 | D:1      | sleeves the Demonspawn Fighter began the quest for the Orb.
     0 | D:1      | Reached XP level 1. HP: 18/18 MP: 1/1
   103 | D:1      | Reached skill level 2 in Long Blades
   106 | D:1      | HP: 9/18 [frozen (4)]
   264 | D:1      | HP: 9/18 [kobold (1)]
   467 | D:1      | Gained mutation: You have a pair of small horns on your
                  | head. [demonic ancestry]
   467 | D:1      | Reached XP level 2. HP: 24/24 MP: 2/2
   818 | D:1      | Reached skill level 1 in Unarmed Combat
  1282 | D:2      | Reached XP level 3. HP: 29/29 MP: 3/3
  1571 | D:2      | Reached skill level 2 in Unarmed Combat
  1874 | D:3      | Found a bloodstained altar of Trog.
  2117 | D:3      | Noticed Jessica
  2123 | D:3      | HP: 14/29 [Jessica (5)]
  2124 | D:3      | HP: 6/29 [Jessica (5)]
  2125 | D:3      | Killed Jessica
  2126 | D:3      | Gained mutation: You have large cloven feet. [demonic
                  | ancestry]
  2126 | D:3      | Reached XP level 4. HP: 8/35 MP: 4/4
  2128 | D:3      | Reached skill level 3 in Unarmed Combat
  2404 | D:3      | You fall into a shaft and drop 3 floors!
  2435 | D:6      | Noticed Prince Ribbit
  2442 | D:6      | HP: 12/35 [Prince Ribbit (6)]
  2444 | D:6      | HP: 2/35 [Prince Ribbit (9)]
  2445 | D:6      | Mangled by Prince Ribbit

Illustrated notes

Levels and vault maps discovered:
D:1:      heliophobic_arrival_ceremonial_halls, layout_basic
D:2:      layout_basic, minmay_distorted
D:3:      layout_loops_cross, mainiacjoe_overflow_two_lobes, serial_shops, shop,
          basic_ecumenical_altar, minmay_misc_feat_five, uniq_jessica,
          uniq_robin
D:6:      layout_loops_ring, minitemple, slow_altar_2, ebering_ghost_sewer_d,
          hex_medium, kennysheep_opposing_triangles, uniq_prince_ribbit1,
          uniq_eustachio

Skill      XL: |  1  2  3  4 |
---------------+-------------+-----
Long Blades    | 2 |  2.5
Unarmed Combat | 1 2 3 |  3.2
Fighting       | |  3.0
Armour         | |  2.6
Shields        | |  2.6

Action                   |  1- 3 |  4- 6 || total
-------------------------+-------+-------++-------
Melee: Long sword        |   103 |    16 ||   119
       Unarmed           |    30 |       ||    30
       Headbutt          |    18 |       ||    18
       Kick              |       |     3 ||     3
Armor: Scale mail        |    76 |     7 ||    83
Dodge: Dodged            |    72 |    15 ||    87
Block: Buckler           |    33 |     2 ||    35

Table legend: (Time is in decaauts)
 A = Elapsed time spent in this place.
 B = Non-inter-level travel time spent in this place.
 C = Inter-level travel time spent in this place.
 D = Time resting spent in this place.
 E = Time spent auto-exploring this place.
 F = Levels seen in this place.
 G = Mean time per level.
                   A        B        C        D        E       F      G
               +--------+--------+--------+--------+--------+-----+--------+
         Total |   2485 |   2416 |     69 |    205 |   1836 |   4 |  621.2 |
       Dungeon |   2485 |   2416 |     69 |    205 |   1836 |   4 |  621.2 |
               +--------+--------+--------+--------+--------+-----+--------+

Top non-repeatable levels by time:
     D:1: 1005 daAuts
     D:2: 823 daAuts
     D:3: 612 daAuts
     D:6: 43 daAuts
